 Dungeon Crawl Stone Soup version 0.21.1-1-g345015f (webtiles) character file.

102 stankywizzleteets the Poker (level 4, -2/41 HPs)
             Began as a Minotaur Chaos Knight on Apr 30, 2018.
             Slain by a hobgoblin
             ... wielding a +0 club
             ... led by Robin
              (5 damage)
             ... on level 2 of the Dungeon.
             The game lasted 00:10:36 (1808 turns).

stankywizzleteets the Poker (Minotaur Chaos Knight) Turns: 1808, Time: 00:10:36

Health: -2/41      AC:  5    Str: 16    XL:     4   Next: 49%
Magic:  3/3        EV: 11    Int:  9    God:    Xom [.*....]
Gold:   103        SH:  0    Dex:  9    Spells: 3/3 levels left

rFire    . . .     SeeInvis .   a - +0 spear (chaos)
rCold    . . .     Gourm    .   (no shield)
rNeg     . . .     Faith    .   b - +2 leather armour
rPois    .         Spirit   .   (helmet restricted)
rElec    .         Reflect  .   (no cloak)
rCorr    .         Harm     .   (no gloves)
MR       .....                  (no boots)
Stlth    +.........             (no amulet)
HPRegen  0.13/turn              (no ring)
MPRegen  0.08/turn              (no ring)

@: no status effects
A: retaliatory headbutt, horns 2, weak 1
a: Renounce Religion


You were on level 2 of the Dungeon.
You worshipped Xom.
You were a plaything of Xom.
You were not hungry.

You visited 1 branch of the dungeon, and saw 2 of its levels.

You collected 103 gold pieces.

Inventory:

Hand Weapons
 a - a +0 spear of chaos (weapon)
 i - a +1 dagger of flaming
 s - a +0 whip
Missiles
 h - 7 needles of sleeping
 k - 22 bolts
 m - 2 needles of paralysis
Armour
 b - a +2 leather armour (worn)
 g - a +0 ring mail
Scrolls
 d - a scroll of teleportation
 e - 2 scrolls of amnesia {unknown}
 f - a scroll of fear {unknown}
 n - 2 scrolls of magic mapping {unknown}
 o - a scroll of noise {unknown}
 p - a scroll of random uselessness {unknown}
 q - a scroll of enchant armour {unknown}
 t - a scroll of identify {unknown}
Potions
 j - a potion of degeneration {unknown}
 l - 2 potions of curing {unknown}
Comestibles
 c - 4 rations
 r - 4 chunks of flesh


   Skills:
 + Level 4.7 Fighting
 + Level 4.9 Polearms
 + Level 3.1 Armour
 + Level 1.7 Dodging
 + Level 0.7 Stealth


You had 3 spell levels left.
You didn't know any spells.

Dungeon Overview and Level Annotations

Branches:
Dungeon (2/15)

Altars:
Kikubaaqudgha

Annotations:
D:2 Robin


Innate Abilities, Weirdness & Mutations

You reflexively headbutt those who attack you in melee.
You have a pair of horns on your head.
You are weak. (Str -2)


Message History

You furiously retaliate!
You headbutt the goblin. The goblin hits you but does no damage.
The hobgoblin hits you. Robin barely misses you. The goblin hits you.
The goblin hits you with a club.
The hobgoblin hits you but does no damage.
Robin throws the goblin at you!
Things that are here:
a dagger; a goblin corpse You barely miss the goblin.
You kill the goblin!
The hobgoblin hits you with a club.
* * * LOW HITPOINT WARNING * * *
The hobgoblin hits you.
* * * LOW HITPOINT WARNING * * *
The goblin hits you but does no damage. Robin throws the goblin at you!
* * * LOW HITPOINT WARNING * * *
You hit the goblin. Your headbutt misses the goblin.
The goblin is moderately wounded.
The hobgoblin hits you with a club.
You die...

#... .....#...####.##.#....
#... ................#.##...
#.####...#..##..............
........# ##......#.#####
.#...#### ###.#.....####
........# #.#.##.....#
........# #.#.# #...##
.......g######.#.###....#
.....g†g@g...........#..
......gg#####.......####
........# #.......# #
........# #.......# #
........# #.......# #
.######## #.....>.#####
#...........# #.......###.#
#.......# #.#


You could see Robin, 3 hobgoblins and 2 goblins.

Vanquished Creatures
  A scorpion (D:2)
  An adder (D:2)
  A worm (D:2)
  2 leopard geckos (D:1)
  4 bats
  A giant cockroach (D:2)
  11 goblins
  6 hobgoblins
  3 jackals (D:1)
  A kobold (D:1)
  A frilled lizard (D:2)
  2 rats
34 creatures vanquished.

Notes
Turn   | Place    | Note
-------+----------+-------------------------------------------
     0 | D:1      | stankywizzleteets the Minotaur Chaos Knight began the quest for the Orb.
     0 | D:1      | Reached XP level 1. HP: 19/19 MP: 0/0
   380 | D:1      | Reached XP level 2. HP: 27/27 MP: 1/1
   531 | D:1      | XOM: enchant monster (bad)
  1327 | D:2      | Reached XP level 3. HP: 27/33 MP: 2/2
  1454 | D:2      | Found an ancient bone altar of Kikubaaqudgha.
  1598 | D:2      | XOM: harmless Erth miscast
  1624 | D:2      | XOM: give mutation
  1624 | D:2      | Gained mutation: You are weak. (Str -2) [Xom's mischief]
  1722 | D:2      | Noticed a scorpion
  1735 | D:2      | Killed a scorpion
  1735 | D:2      | Reached XP level 4. HP: 25/41 MP: 3/3
  1797 | D:2      | Noticed Robin
  1798 | D:2      | XOM: potion effect (heal wounds)
  1808 | D:2      | Slain by a hobgoblin

Skill      XL: |  1  2  3 |
---------------+----------+-----
Fighting       | 4 |  4.7
Polearms       | 4 |  4.9
Armour         | 3 |  3.1
Dodging        | |  1.7
Stealth        | |  0.7

Action                   |  1- 3 |  4- 6 || total
-------------------------+-------+-------++-------
Melee: Spear             |    59 |    12 ||    71
       Headbutt          |    11 |     1 ||    12
  Use: Scroll            |     1 |       ||     1
 Stab: Paralysed         |     1 |       ||     1
  Eat: Chunk             |     2 |     1 ||     3
Armor: Leather armour    |    33 |     9 ||    42
Dodge: Dodged            |    32 |    22 ||    54
